 Dungeon Crawl Stone Soup version 0.30-a0-743-gbfdf073431 (webtiles) character file.

Game seed: 7104438575067599722

37 voltaire321 the Insei (level 3, -1/23 HPs)
             Began as an Octopode Transmuter on Feb 6, 2023.
             Slain by a gnoll
             ... wielding a +0 halberd
              (10 damage)
             ... on level 2 of the Dungeon.
             The game lasted 00:02:34 (906 turns).

voltaire321 the Insei (Octopode Transmuter)          Turns: 906, Time: 00:02:35

Health: -1/23      AC:  1    Str:  9    XL:     3   Next: 41%
Magic:  6/6        EV: 13    Int: 15    God:
Gold:   36         SH:  0    Dex: 14    Spells: 2/6 levels left

rFire   . . .      SeeInvis .    g - +0 short sword
rCold   . . .      Faith    .    (no shield)
rNeg    . . .      Spirit   .    (helmet restricted)
rPois   .          Reflect  .    (no amulet)
rElec   .          Harm     .    (no ring)
rCorr   .          Rampage  .    (no ring)
Will    .....                    (no ring)
Stlth   ++                       (no ring)
HPRegen 0.23/turn                (no ring)
MPRegen 0.10/turn                (no ring)
                                 (no ring)
                                 (no ring)

@: no status effects
A: almost no armour, amphibious, 8 rings, camouflage 1, gelatinous body 1,
(nimble swimmer 1), tentacles
a: no special abilities


You were on level 2 of the Dungeon.
You visited 1 branch of the dungeon, and saw 2 of its levels.

You collected 36 gold pieces.

Inventory:

Hand Weapons
 g - a +0 short sword (weapon)
Scrolls
 b - a scroll of amnesia {unknown}
 c - 4 scrolls of teleportation {unknown}
 d - a scroll of identify {unknown}
 f - a scroll of vulnerability {unknown}
Potions
 a - a potion of lignification
 e - a potion of brilliance {unknown}


   Skills:
 + Level 1.5 Fighting
 + Level 2.4 Dodging
 + Level 3.3 Unarmed Combat
 + Level 2.3 Spellcasting
 + Level 2.3 Transmutations
 + Level 0.2 Poison Magic


You had 2 spell levels left.
You knew the following spells:

 Your Spells              Type           Power      Damage    Failure   Level
a - Beastly Appendage     Tmut           16%        N/A       9%          1
b - Spider Form           Tmut/Pois      5%         N/A       36%         3

Your spell library contained the following spells:

 Spells                   Type           Power      Damage    Failure   Level
 Wereblood                Tmut           8%         N/A       12%         2
 Ozocubu's Armour         Ice            1%         N/A       54%         3
 Ice Form                 Ice/Tmut       5%         N/A       78%         4
 Metabolic Englaciation   Hex/Ice        0%         N/A       99%         5
 Simulacrum               Ice/Necr       0%         N/A       100%        6


Dungeon Overview and Level Annotations

Branches:
Dungeon (2/15)

Altars:


Innate Abilities, Weirdness & Mutations

You cannot wear most types of armour.
You are amphibious.
You can wear up to eight rings at the same time.
Your skin changes colour to match your surroundings (Stealth+).
Your rubbery body absorbs attacks. (AC +1, EV +1)
((You are camouflaged when in or above water. (Stealth+)))
You have tentacles for arms and can constrict up to eight enemies at once.


Message History

Your transformation is almost over.
You constrict the gnoll. The gnoll barely misses you.
The gnoll hits you with a +0 spear.
* * * LOW HITPOINT WARNING * * *
You hit the gnoll.
You pierce the gnoll.
You kill the gnoll!
The gnoll closely misses you. The gnoll barely misses you.
Your tentacle spike disappears.
There is a stone staircase leading up here.
The gnoll misses you.
You climb upwards.
There is a stone staircase leading down here.
You start resting.
HP restored.
You start waiting.
Done waiting.
You climb downwards.
The gnoll misses you.
There is a stone staircase leading up here.
You hit the gnoll but do no damage. Your grab misses the gnoll.
The gnoll misses you.
You closely miss the gnoll. Your grab misses the gnoll. You squeeze the gnoll.
The gnoll is lightly wounded.
The gnoll closely misses you.
You hit the gnoll but do no damage. You grab the gnoll.
Your squeeze misses the gnoll.
The gnoll is lightly wounded.
You constrict the gnoll, but do no damage.
The gnoll misses you.
You hit the gnoll. You squeeze the gnoll.
The gnoll is moderately wounded.
You constrict the gnoll. The gnoll hits you with a +0 halberd.
You hit the gnoll but do no damage.
The gnoll is heavily wounded.
You constrict the gnoll. The gnoll hits you with a +0 halberd!
Ouch! That really hurt!
You barely miss the gnoll.
The gnoll is heavily wounded.
You constrict the gnoll. The gnoll hits you with a +0 halberd!
You die...

.g...).......##
#...g.g.....!..
............... #.#
#)# #.# #.#
..####### ##.##
.......@###...#####
.######.g...........
#####...###### ##.##
#.# #.. #... ..#.#
.#.#


You could see a gnoll.

Vanquished Creatures
  A gnoll (D:2)
  2 dart slugs (D:1)
  4 endoplasms (D:1)
  A goblin (D:1)
  3 hobgoblins (D:1)
  A jackal (D:1)
  3 kobolds (D:1)
  2 ball pythons (D:1)
  4 bats (D:1)
  2 rats (D:1)
23 creatures vanquished.

Notes
Turn   | Place    | Note
-------+----------+-------------------------------------------
     0 | D:1      | voltaire321 the Octopode Transmuter began the quest for the
                  | Orb.
     0 | D:1      | Reached XP level 1. HP: 13/13 MP: 3/3
   207 | D:1      | Reached XP level 2. HP: 18/18 MP: 3/5
   416 | D:1      | Reached XP level 3. HP: 22/23 MP: 4/6
   667 | D:1      | Learned a level 3 spell: Spider Form
   906 | D:2      | Slain by a gnoll

Illustrated notes

Levels and vault maps discovered:
D:1:      beargit_arrival_greenhouse, layout_basic, minmay_ruptured
D:2:      layout_loops_ring, shapermc_ecumenical_altar_rom_forum,
          minmay_domino_2, uniq_sigmund

Action                     || total
---------------------------++-------
  Melee: Unarmed           ||    39
         Kick              ||    12
         Constrict         ||    16
         Tentacles         ||    15
         Short sword       ||    12
   Cast: Beastly Appendage ||    11
   Stab: Sleeping          ||     4
 Armour: Skin              ||     1
  Dodge: Dodged            ||    25

Table legend: (Time is in decaauts)
 A = Elapsed time spent in this place.
 B = Non-inter-level travel time spent in this place.
 C = Inter-level travel time spent in this place.
 D = Time resting spent in this place.
 E = Time spent auto-exploring this place.
 F = Levels seen in this place.
 G = Mean time per level.
                   A        B        C        D        E       F      G
               +--------+--------+--------+--------+--------+-----+--------+
         Total |    904 |    873 |     31 |    261 |    376 |   2 |  452.0 |
       Dungeon |    904 |    873 |     31 |    261 |    376 |   2 |  452.0 |
               +--------+--------+--------+--------+--------+-----+--------+

Top non-repeatable levels by time:
     D:1: 866 daAuts
     D:2: 37 daAuts
